 Dungeon Crawl Stone Soup version 0.22-a0-293-gc9362ec (webtiles) character file.

61 inmateoo the Poker (level 3, 0/29 HPs)
             Began as a Mummy Monk on Mar 24, 2018.
             Killed from afar by Sigmund (4 damage)
             ... with a magic dart
             ... on level 2 of the Dungeon.
             The game lasted 00:03:13 (2232 turns).

inmateoo the Poker (Mummy Monk)                     Turns: 2232, Time: 00:03:13

Health: 0/29       AC:  6    Str: 15    XL:     3   Next: 83%
Magic:  3/3        EV: 10    Int:  9    God:
Gold:   57         SH:  0    Dex: 14    Spells: 2/2 levels left

rFire    x . .     SeeInvis .   a - +1 spear
rCold    + . .     Gourm    .   (no shield)
rNeg     + + +     Faith    .   h - +0 scale mail
rPois    ∞         Spirit   .   (no helmet)
rElec    .         Reflect  .   (no cloak)
rCorr    .         Harm     .   (no gloves)
MR       .....                  (no boots)
Stlth    ..........             k - amulet of magic regeneration
HPRegen  0.09/turn              (no ring)
MPRegen  0.33/turn              (no ring)

@: no status effects
A: no food or potions, fire vulnerability, cold resistance 1, negative energy
resistance 3, torment resistance, unbreathing
a: no special abilities


You were on level 2 of the Dungeon.
You were not hungry.

You visited 1 branch of the dungeon, and saw 3 of its levels.

You collected 57 gold pieces.

Inventory:

Hand Weapons
 a - a +1 spear (weapon)
 f - a +0 hunting sling
Missiles
 e - 202 stones (quivered)
 g - 40 sling bullets
Armour
 h - a +0 scale mail (worn)
Jewellery
 k - an amulet of magic regeneration (around neck)
Scrolls
 b - a scroll of enchant weapon
 c - 2 scrolls of remove curse
 j - 2 scrolls of fog


   Skills:
 - Level 3.0 Fighting
 + Level 4.0 Polearms
 - Level 2.4 Dodging
 - Level 1.5 Stealth


You had 2 spell levels left.
You didn't know any spells.

Dungeon Overview and Level Annotations

Branches:
Dungeon (3/15)

Altars:

Annotations:
D:1 Terence
D:2 Sigmund
D:3 TheNamelessOne's ghost, amateur DsCj


Innate Abilities, Weirdness & Mutations

You do not eat or drink.
Your flesh is vulnerable to fire.
You are immune to poison.
Your flesh is cold resistant. (rC+)
You are immune to negative energy. (rN+++)
You are immune to unholy pain and torment.
You can survive without breathing.


Message History

You bump into the rock wall.
Sigmund points at you and mumbles some strange words.
You are more confused.
Sigmund hits you from afar with a scythe.
You bump into the rock wall.
Sigmund barely misses you. Sigmund closely misses you.
Sigmund hits you with a scythe! Sigmund closely misses you. Sigmund misses you.
You bump into the rock wall.
Sigmund barely misses you.
You feel less confused.
Sigmund points at you and mumbles some strange words.
The puff of flame hits you! The fire burns you terribly!
* * * LOW HITPOINT WARNING * * *
Sigmund hits you from afar with a scythe.
* * * LOW HITPOINT WARNING * * *
You can't drink.
Sigmund gestures at you while chanting. The magic dart hits you!
You die...

...#..........#
......#.#.########
#.... #.#.# #.##
#.#.# #.# ###.#.#
#.# #.....### #.#
#.#.....###### #.#
#.#####......) #@#
#.# ######## #.# #.#
#.# #.# #.###.#
#.@.@.# # #####.# ##
##.## ##.
#.####.@.#########.#
#.................##


You could see Sigmund.

Vanquished Creatures
  2 adders
  An ooze (D:1)
  A worm (D:2)
  2 dart slugs (D:1)
  A giant cockroach (D:1)
  5 goblins
  5 hobgoblins
  5 kobolds
  5 bats
  3 frilled lizards (D:1)
  5 rats
35 creatures vanquished.

Notes
Turn   | Place    | Note
-------+----------+-------------------------------------------
     0 | D:1      | inmateoo the Mummy Monk began the quest for the Orb.
     0 | D:1      | Reached XP level 1. HP: 18/18 MP: 1/1
     0 | D:1      | Upgraded the game from 0.22-a0-292-g0df9d5f to 0.22-a0-293-gc9362ec
   257 | D:1      | Reached skill level 3 in Polearms
   257 | D:1      | Reached XP level 2. HP: 19/24 MP: 2/2
   559 | D:1      | Reached XP level 3. HP: 17/29 MP: 3/3
  1070 | D:2      | Noticed Terence
  1257 | D:2      | Noticed Sigmund
  1333 | D:3      | Noticed TheNamelessOne's ghost (amateur DsCj)
  2156 | D:2      | Reached skill level 4 in Polearms
  2232 | D:2      | Killed from afar by Sigmund

Vault maps used:
D:1:      dpeg_cavernosity
D:2:      uniq_natasha, uniq_terence, uniq_sigmund
D:3:      nemelex_xobeh_ov_fountains_minmay, zin_purify, minivault_24

Skill      XL: |  1  2  3 |
---------------+----------+-----
Polearms       | 3 4 |  4.0
Fighting       | |  3.0
Dodging        | |  2.4
Stealth        | |  1.5

Action                   || total
-------------------------++-------
Melee: Spear             ||   160
  Use: Scroll            ||     4
 Stab: Sleeping          ||     4
Armor: Scale mail        ||    49
Dodge: Dodged            ||    68

Table legend:
 A = Spawn XP
 B = Non-spawn XP
 C = Spawn XP percentage of total XP
 D = Spawn monster count
 E = Non-spawn monster count
 F = Spawn count percentage of total count
 G = Total turns spent on level
                    A         B        C        D         E        F      G
               +---------+---------+-------+---------+---------+-------+---------
         Total |       0 |      88 |   0.0 |       0 |      35 |   0.0 |  2232
               +---------+---------+-------+---------+---------+-------+---------
           D:1 |       0 |      63 |   0.0 |       0 |      26 |   0.0 |  1767
           D:2 |       0 |      19 |   0.0 |       0 |       5 |   0.0 |   379
           D:3 |       0 |       6 |   0.0 |       0 |       4 |   0.0 |    86
               +---------+---------+-------+---------+---------+-------+---------
